 Dungeon Crawl Stone Soup version 0.23-a0-175-g97aacdb (webtiles) character file.

513 topirishpotato the Covert (level 7, 0/43 HPs)
             Began as an Octopode Transmuter on Sept 17, 2018.
             Slain by an orc priest
             ... wielding a +0 short sword
              (8 damage)
             ... on level 5 of the Dungeon.
             The game lasted 00:14:39 (3402 turns).

topirishpotato the Covert (Octopode Transmuter)     Turns: 3402, Time: 00:14:40

Health: 0/43       AC:  1    Str: 10    XL:     7   Next: 20%
Magic:  10/10      EV: 13    Int: 16    God:
Gold:   235        SH:  0    Dex: 13    Spells: 4/10 levels left

rFire    . . .     SeeInvis .     - Unarmed
rCold    . . .     Gourm    .   (no shield)
rNeg     . . .     Faith    .   (helmet restricted)
rPois    .         Spirit   .   i - amulet of regeneration
rElec    .         Reflect  .   b - ring of resist corrosion
rCorr    +         Harm     .   (no ring)
MR       .....                  (no ring)
Stlth    +++++.....             (no ring)
HPRegen  0.54/turn              (no ring)
MPRegen  0.12/turn              (no ring)
                                (no ring)
                                (no ring)

@: no status effects
A: almost no armour, stealthy swim, amphibious, 8 rings, constrict 8, camouflage
1, gelatinous body 1
a: no special abilities


You were on level 5 of the Dungeon.
You were hungry.

You visited 1 branch of the dungeon, and saw 5 of its levels.

You collected 235 gold pieces.

Inventory:

Missiles
 a - 134 arrows
Jewellery
 b - a ring of resist corrosion (left tentacle)
 i - an amulet of regeneration (around mantle)
Wands
 p - a wand of clouds (2)
Scrolls
 l - a scroll of identify
 o - a scroll of noise {unknown}
Potions
 d - 2 potions of flight
 f - a potion of degeneration {unknown}
 g - a potion of berserk rage {unknown}
 h - 3 potions of curing {unknown}
 j - a potion of ambrosia {unknown}
 k - a potion of brilliance {unknown}
 m - a potion of might {unknown}
Comestibles
 c - 6 rations


   Skills:
 - Level 1.0 Fighting
 - Level 2.0 Dodging
 + Level 10.1 Stealth
 + Level 3.1 Unarmed Combat
 - Level 2.0 Spellcasting
 + Level 2.0 Transmutations
 * Level 0.8 Poison Magic


You had 4 spell levels left.
You knew the following spells:

 Your Spells              Type           Power        Failure   Level  Hunger
a - Beastly Appendage     Tmut           #.....       9%          1    #......
b - Sticks to Snakes      Tmut           #.......     14%         2    ###....
c - Spider Form           Tmut/Pois      #.........   34%         3    ###....

Your spell library contained the following spells:

 Spells                   Type           Power        Failure   Level  Hunger
 Ice Form                 Ice/Tmut       #.......     80%         4    #####..
 Blade Hands              Tmut           #.........   94%         5    ######.


Dungeon Overview and Level Annotations

Branches:
Dungeon (5/15)
 Temple: D:4-7

Altars:
Gozag

Annotations:
D:3 Purgy, Sigmund


Innate Abilities, Weirdness & Mutations

You cannot wear most types of armour.
You are very stealthy in the water. (Stealth+)
You are amphibious.
You can wear up to eight rings at the same time.
You can use your tentacles to constrict eight enemies at once.
Your skin changes colour to match your surroundings (Stealth+).
Your rubbery body absorbs attacks. (AC +1, EV +1)


Message History

The orc priest is heavily wounded.
You constrict the orc priest, but do no damage.
The orc priest hits you but does no damage.
You tentacle-slap the orc priest.
The orc priest is heavily wounded.
You constrict the orc priest.
The orc priest calls down the wrath of Beogh upon you.
Beogh smites you!
You hear a shout! x3
You tentacle-slap the orc priest.
The orc priest is severely wounded.
You constrict the orc priest. The orc priest barely misses you.
You tentacle-slap the orc priest.
You kill the orc priest!
The orc priest mumbles some strange prayers to Beogh against you.
Pain shoots through your body!
* * * LOW HITPOINT WARNING * * *
The orc closely misses you.
The orc priest hits you with a short sword!
You die...

... ... ... #.# ######
#.# #######....###.####
#######o@................
.......o#####....###.####
#####.....#......# #)#
#...........?.###.####
#......o.........#.....
#..........o........###
...$.............##)..#
.........o........##.#.#
......o...a.......##.#.#


You could see an orc priest and an orc.

Vanquished Creatures
  An ogre (D:5)
  2 hounds
  An orc priest (D:5)
  3 orc wizards
  4 worker ants (D:4)
  9 adders
  An ooze (D:5)
  2 adder skeletons (D:5)
  5 worms
  2 dart slugs
  A leopard gecko (D:2)
  9 orcs
  A giant cockroach (D:2)
  4 goblins
  4 hobgoblins
  8 kobolds
  3 quokkas
  3 ball pythons
  3 bats
  4 frilled lizards
  A leopard gecko skeleton (D:4)
  7 rats
78 creatures vanquished.

Notes
Turn   | Place    | Note
-------+----------+-------------------------------------------
     0 | D:1      | topirishpotato the Octopode Transmuter began the quest for
                  | the Orb.
     0 | D:1      | Reached XP level 1. HP: 13/13 MP: 3/3
    83 | D:1      | Reached skill level 1 in Stealth
   146 | D:1      | Reached skill level 2 in Stealth
   158 | D:1      | Reached XP level 2. HP: 12/18 MP: 5/5
   542 | D:2      | Reached skill level 3 in Stealth
   832 | D:2      | Reached skill level 4 in Stealth
   832 | D:2      | Reached XP level 3. HP: 18/23 MP: 6/6
  1149 | D:2      | Reached skill level 5 in Stealth
  1149 | D:2      | Reached XP level 4. HP: 24/28 MP: 5/7
  1653 | D:3      | Noticed Purgy
  2027 | D:3      | Learned a level 2 spell: Sticks to Snakes
  2031 | D:3      | Learned a level 3 spell: Spider Form
  2144 | D:3      | Noticed Sigmund
  2545 | D:4      | Reached skill level 6 in Stealth
  2592 | D:4      | Reached XP level 5. HP: 30/33 MP: 8/8
  2632 | D:4      | Reached skill level 7 in Stealth
  2799 | D:4      | Found an opulent altar of Gozag.
  2997 | D:4      | Reached skill level 8 in Stealth
  2997 | D:4      | Reached XP level 6. HP: 29/38 MP: 7/9
  3223 | D:5      | Entered Level 5 of the Dungeon
  3233 | D:5      | Reached skill level 9 in Stealth
  3280 | D:5      | Reached XP level 7. HP: 21/43 MP: 10/10
  3350 | D:5      | Reached skill level 10 in Stealth
  3402 | D:5      | Slain by an orc priest

Vault maps used:
D:1:      lemuel_arrival_hallway, minmay_gold_behind_fungi,
          kennysheep_crisscross, minmay_misc_feat_x, grunt_decor_fettered
D:3:      uniq_sigmund, uniq_purgy
D:4:      kennysheep_six_static_rooms, grunt_gozag_statues, first_ration,
          minmay_misc_feat_roman
D:5:      minmay_temple_entry_junction

Skill      XL: |  1  2  3  4  5  6  7 |
---------------+----------------------+-----
Stealth        | 2 4 5 6 8 9 10 | 10.1
Fighting       | |  1.0
Dodging        | |  2.0
Unarmed Combat | |  3.1
Spellcasting   | |  2.0
Transmutations | |  2.0
Poison Magic   | |  0.8

Action                   |  1- 3 |  4- 6 |  7- 9 || total
-------------------------+-------+-------+-------++-------
Melee: Unarmed           |    57 |   137 |    26 ||   220
       Constrict         |    15 |    34 |     4 ||    53
       Tentacles         |     8 |    23 |     7 ||    38
       Kick              |     8 |    21 |     3 ||    32
       Punch             |     1 |     3 |       ||     4
 Cast: Beastly Appendage |    10 |    24 |     3 ||    37
Evoke: Wand              |       |     2 |       ||     2
  Use: Scroll            |     3 |     7 |       ||    10
 Stab: Sleeping          |    11 |    14 |     1 ||    26
       Distracted        |       |     1 |       ||     1
       Confused          |       |     1 |       ||     1
  Eat: Chunk             |       |     8 |       ||     8
Armor: Skin              |     7 |     4 |     2 ||    13
Dodge: Dodged            |    34 |    83 |    16 ||   133

Table legend:
 A = Non-vault XP
 B = Vault XP
 C = Vault XP percentage of total XP
 D = Non-vault monster count
 E = Vault monster count
 F = Vault count percentage of total count
                 A         B        C        D         E       F
            +---------+---------+-------+---------+---------+-------
      Total |     717 |      17 |   2.3 |      76 |       2 |   2.6
            +---------+---------+-------+---------+---------+-------
        D:1 |      14 |       0 |   0.0 |      10 |       0 |   0.0
        D:2 |      69 |       0 |   0.0 |      19 |       0 |   0.0
        D:3 |      46 |       0 |   0.0 |      15 |       0 |   0.0
        D:4 |     270 |      17 |   5.9 |      19 |       2 |   9.5
        D:5 |     318 |       0 |   0.0 |      13 |       0 |   0.0
            +---------+---------+-------+---------+---------+-------
